 Dungeon Crawl Stone Soup version 0.30-a0-474-g5673dd7ce6 (webtiles) character file.

Game seed: 5316900952961912816

119 Bnni the Conjurer (level 4, -1/36 HPs)
             Began as a Draconian Conjurer on Dec 20, 2022.
             Slain by an orc
             ... wielding a +0 flail
              (3 damage)
             ... on level 2 of the Dungeon.
             The game lasted 00:03:07 (984 turns).

Bnni the Conjurer (Draconian Conjurer)               Turns: 984, Time: 00:03:08

Health: -1/36      AC:  8    Str: 10    XL:     4   Next: 74%
Magic:  0/8        EV: 12    Int: 20    God:
Gold:   52         SH:  0    Dex:  9    Spells: 5/8 levels left

rFire   . . .      SeeInvis .    b - +0 short sword
rCold   . . .      Faith    .    (no shield)
rNeg    . . .      Spirit   .    (body armour unavailable)
rPois   .          Reflect  .    (helmet restricted)
rElec   .          Harm     .    f - +2 cloak
rCorr   .          Rampage  .    (no gloves)
Will    .....                    (no boots)
Stlth   ++........               (no amulet)
HPRegen 0.26/turn                (no ring)
MPRegen 0.11/turn                (no ring)

@: no status effects
A: AC +5, unfitting armour, cold-blooded
a: no special abilities


You were on level 2 of the Dungeon.
You visited 1 branch of the dungeon, and saw 2 of its levels.

You collected 52 gold pieces.

Inventory:

Hand Weapons
 b - a +0 short sword (weapon)
Armour
 f - a +2 cloak (worn)
Scrolls
 d - a scroll of enchant armour
 g - a scroll of enchant weapon {unknown}
 h - 2 scrolls of teleportation {unknown}


   Skills:
 + Level 1.9 Fighting
 - Level 1.7 Dodging
 - Level 1.7 Stealth
 + Level 2.7 Spellcasting
 * Level 5.0 Conjurations
 * Level 1.4 Hexes


You had 5 spell levels left.
You knew the following spells:

 Your Spells              Type           Power      Damage    Failure   Level
a - Magic Dart            Conj           88%        1d7       1%          1
b - Searing Ray           Conj           44%        2d6       2%          2

Your spell library contained the following spells:

 Spells                   Type           Power      Damage    Failure   Level
 Dazzling Flash           Conj/Hex       30%        N/A       12%         3
 Fulminant Prism          Conj/Hex       7%         3d7       36%         4
 Iskenderun's Mystic Bla  Conj/Tloc      12%        2d5       45%         4


Dungeon Overview and Level Annotations

Branches:
Dungeon (2/15)

Altars:


Innate Abilities, Weirdness & Mutations

Your plain brown scales are hard. (AC +5)
You cannot fit into any form of body armour.
You are cold-blooded and may be slowed by cold attacks.


Message History

The orc barely misses you. The orc closely misses you.
Aiming: Magic Dart (safe; 1% risk of failure)
Press: ? - help, Q - select action, (/) - cycle Shift-Dir - straight line, f/p - orc
Aim: an orc, wielding a +0 dagger and wearing a +0 chain mail (severely wounded, 100% to hit)
The magic dart hits the orc but does no damage.
The orc is severely wounded.
The orc hits you but does no damage. The orc hits you with a +0 dagger.
* * * LOW HITPOINT WARNING * * *
You barely miss the orc.
The orc is severely wounded.
The orc hits you but does no damage. The orc closely misses you.
Unknown command.
You aren't carrying any potions.
Okay, then.
You hit the orc but do no damage.
The orc is severely wounded.
The orc barely misses you. The orc closely misses you.
Unknown command.
You closely miss the orc.
You tail-slap the orc, but do no damage.
The orc is severely wounded.
The orc hits you with a +0 flail.
* * * LOW HITPOINT WARNING * * *
The orc closely misses you.
Unknown command.
As you read the scroll labelled FYLIKOMO XYLINEQ, it crumbles to dust.
It is a scroll of amnesia.
Really abort (and waste the scroll)?
Okay, then.
The orc closely misses you. The orc barely misses you.
Aiming: Magic Dart (safe; 1% risk of failure)
Press: ? - help, Q - select action, (/) - cycle Shift-Dir - straight line, f/p - orc
Aim: an orc, wielding a +0 dagger and wearing a +0 chain mail (severely wounded, 100% to hit)
The magic dart hits the orc but does no damage.
The orc is severely wounded.
The orc closely misses you. x2
You aren't carrying any potions.
As you read the scroll of enchant armour, it crumbles to dust.
Your +1 cloak glows green for a moment.
The orc hits you with a +0 flail.
You die...

.#.# #.##.#####.##.#
.... #.##...........
...# #.............#
...# #.............#
)#.# ####.............#
.#.####........).......#
.#.......#.#####†#####.
.#.#######.# #o#
.#.........# #@#
.......##### #.or.....
.......# #######.#
.......# .......#
.......# .......#
.......# .......#


You could see 2 orcs and a rat.

Vanquished Creatures
  An orc wizard (D:2)
  Natasha (twice) (D:2)
  A dart slug (D:1)
  An orc (D:2)
  5 ball pythons (D:1)
  2 endoplasms
  4 giant cockroaches (D:1)
  4 goblins
  4 hobgoblins
  A jackal (D:2)
  4 kobolds (D:1)
  2 quokkas
  3 bats
  2 frilled lizards (D:1)
  4 rats (D:1)
40 creatures vanquished.

Notes
Turn   | Place    | Note
-------+----------+-------------------------------------------
     0 | D:1      | Bnni the Draconian Conjurer began the quest for the Orb.
     0 | D:1      | Reached XP level 1. HP: 14/14 MP: 3/3
   152 | D:1      | Reached XP level 2. HP: 8/22 MP: 0/5
   342 | D:1      | Reached skill level 1 in Fighting
   422 | D:1      | Learned a level 2 spell: Searing Ray
   522 | D:1      | Reached XP level 3. HP: 26/28 MP: 6/6
   760 | D:2      | Noticed Natasha
   765 | D:2      | Killed Natasha
   929 | D:2      | Reached XP level 4. HP: 35/35 MP: 1/7
   937 | D:2      | Noticed Natasha
   955 | D:2      | Killed Natasha
   956 | D:2      | Reached skill level 1 in Hexes
   957 | D:2      | Reached skill level 5 in Conjurations
   981 | D:2      | HP: 1/36 [orc/+0 flail (3)]
   984 | D:2      | Slain by an orc

Illustrated notes

Levels and vault maps discovered:
D:1:      dpeg_arrival_windows_large_door, layout_rooms, minivault_14
D:2:      layout_basic, grunt_decor_fettered, uniq_jessica, uniq_natasha,
          uniq_terence

Skill      XL: |  1  2  3  4 |
---------------+-------------+-----
Fighting       | 1 |  1.9
Hexes          | 1 |  1.4
Conjurations   | 5 |  5.0
Dodging        | |  1.7
Stealth        | |  1.7
Spellcasting   | |  2.7

Action                   |  1- 3 |  4- 6 || total
-------------------------+-------+-------++-------
Melee: Unarmed           |    58 |       ||    58
       Tailslap          |    14 |     5 ||    19
       Short sword       |    80 |    31 ||   111
       Punch             |     1 |       ||     1
 Cast: Magic Dart        |    44 |     6 ||    50
       Searing Ray       |       |     2 ||     2
  Use: Scroll            |     1 |     2 ||     3
       Potion            |       |     2 ||     2
Armor: Skin              |    44 |    21 ||    65
Dodge: Dodged            |   104 |    28 ||   132

Table legend: (Time is in decaauts)
 A = Elapsed time spent in this place.
 B = Non-inter-level travel time spent in this place.
 C = Inter-level travel time spent in this place.
 D = Time resting spent in this place.
 E = Time spent auto-exploring this place.
 F = Levels seen in this place.
 G = Mean time per level.
                   A        B        C        D        E       F      G
               +--------+--------+--------+--------+--------+-----+--------+
         Total |    983 |    955 |     28 |     79 |    544 |   2 |  491.5 |
       Dungeon |    983 |    955 |     28 |     79 |    544 |   2 |  491.5 |
               +--------+--------+--------+--------+--------+-----+--------+

Top non-repeatable levels by time:
     D:1: 722 daAuts
     D:2: 261 daAuts
